 Dungeon Crawl Stone Soup version 0.18-a0-801-gb01a236 (webtiles) character file.

1647 vatarom the Experimenter (level 9, -7/61 HPs)
             Began as an Octopode Artificer on Dec 14, 2015.
             Was a Believer of Pakellas.
             Mangled by an orc warrior
             ... wielding a +0 halberd
              (11 damage)
             ... on level 7 of the Dungeon.
             The game lasted 00:18:55 (5271 turns).

vatarom the Experimenter (Octopode Artificer)       Turns: 5271, Time: 00:18:55

Health: -7/61      AC:  1    Str: 20    XL:     9   Next: 0%
Magic:  15/15      EV: 11    Int: 19    God:    Pakellas [**....]
Gold:   393        SH:  4    Dex: 12    Spells: 0 memorised, 8 levels left

rFire  . . .     SeeInvis .     m - +8 flail (crush)
rCold  + . .     Clarity  .     k - +1 buckler
rNeg   . . .     SustAt   .     (helmet restricted)
rPois  .         Gourm    .     (no amulet)
rElec  .         Spirit   .     l - ring of loudness (curse)
rCorr  .         Dismiss  .     t - ring "Qinness" {Str+6 Int+3}
rMut   .         Stasis   .     r - +2 ring of strength
MR     .....                    E - ring of protection from cold
Stlth  ++........               (no ring)
                                (no ring)
                                (no ring)
                                (no ring)

@: not resistant to hostile enchantments, unstealthy
A: almost no armour, amphibious, 8 rings, constrict 8, camouflage 1, clever 1,
clumsy 1, gelatinous body 1
a: Quick Charge, Renounce Religion


You were on level 7 of the Dungeon.
You worshipped Pakellas.
Pakellas was pleased with you.
You were not hungry.

You visited 2 branches of the dungeon, and saw 8 of its levels.

You collected 393 gold pieces.

Inventory:

Hand Weapons
 a - a +1 short sword
 m - a +8 flail of crushing (weapon)
 z - a +2 whip of flaming
Armour
 k - a +1 buckler (worn)
Magical Staves
 F - an uncursed staff of wizardry
Jewellery
 l - a cursed ring of loudness (left tentacle)
 r - a +2 ring of strength (on tentacle)
 t - the ring "Qinness" (right tentacle) {Str+6 Int+3}
   (You found it on level 4 of the Dungeon)

   [ring of intelligence]

   It affects your strength (+6).
   It affects your intelligence (+3).
 E - a ring of protection from cold (on tentacle)
Wands
 b - a wand of flame (19)
 c - a wand of enslavement (1)
 d - a wand of random effects (22)
 p - a wand of magic darts (12)
 x - a wand of digging (4)
Scrolls
 i - 9 scrolls of identify
 u - 2 scrolls of teleportation
 v - 3 scrolls of remove curse
 y - a scroll of enchant weapon
 G - a scroll of enchant armour
 I - a scroll of recharging
Potions
 e - 2 potions of flight
 h - a potion of might
 o - 2 potions of ambrosia
 w - a potion of brilliance
 J - a potion of agility
Books
 n - a book of Enchantments

   Spells                             Type                      Level
   a - Cause Fear                     Hexes                        4
   b - Yara's Violent Unravelling     Hexes/Transmutation          5
   c - Silence                        Hexes/Air                    5
   d - Deflect Missiles               Charms/Air                   6
   e - Haste                          Charms                       6
   f - Discord                        Hexes                        8
 q - a book of Spatial Translocations

   Spells                             Type                      Level
   a - Apportation                    Translocation                1
   b - Blink                          Translocation                2
   c - Shroud of Golubria             Charms/Translocation         2
   d - Portal Projectile              Translocation                3
   e - Teleport Other                 Translocation                3
   f - Passage of Golubria            Translocation                4
 s - a book of Envenomations

   Spells                             Type                      Level
   a - Spider Form                    Transmutation/Poison         3
   b - Alistair's Intoxication        Transmutation/Poison         4
   c - Olgreb's Toxic Radiance        Poison                       4
   d - Poisonous Cloud                Conjuration/Poison/Air       6
 A - Kikubaaqudgha's Almanac of Evil
   (You found it on level 6 of the Dungeon)

   Spells                             Type                      Level
   a - Animate Skeleton               Necromancy                   1
 B - Vehumet's Grimoire of Battle Magic
   (You found it on level 6 of the Dungeon)

   Spells                             Type                      Level
   a - Magic Dart                     Conjuration                  1
 C - Sif Muna's Papyrus of Beguiling
   (You found it on level 6 of the Dungeon)

   Spells                             Type                      Level
   a - Corona                         Hexes                        1
Comestibles
 f - a bread ration
 g - 7 meat rations
 j - 3 beef jerkies
 D - 4 fruits
 H - 2 slices of pizza


   Skills:
 - Level 5.1 Fighting
 - Level 1.0 Short Blades
 * Level 6.6 Maces & Flails
 - Level 2.0 Dodging
 - Level 1.3 Stealth
 + Level 8.4 Evocations


You had 8 spell levels left.
You didn't know any spells.

Dungeon Overview and Level Annotations

Branches:
Dungeon (7/15)             Temple (1/1) D:6

Altars:
Ashenzari
Cheibriados
Dithmenos
Elyvilon
Gozag
Kikubaaqudgha
Makhleb
Okawaru
Pakellas
Qazlal
Ru
Sif Muna
Trog
Vehumet
Xom
Yredelemnul
Zin
The Shining One

Shops:
D:5 ?


Innate Abilities, Weirdness & Mutations

You cannot wear most types of armour.
You are amphibious.
You can wear up to eight rings at the same time.
You can use your tentacles to constrict eight enemies at once.
Your skin changes colour to match your surroundings (Stealth).
Your rubbery body absorbs attacks (AC +1).
Your mind is acute. (Int +2)
You are clumsy. (Dex -2)


Message History

Zapping:
d - a wand of random effects (25)
Press: ? - help, Shift-Dir - straight line The puff of flame hits something.
This wand has 24 charges left.
Evoke which item? (* to show all) (? for menu, Esc to quit)
Zapping:
d - a wand of random effects (24)
Press: ? - help, Shift-Dir - straight line Nothing appears to happen.
This wand has 23 charges left.
Evoke which item? (* to show all) (? for menu, Esc to quit)
Zapping:
d - a wand of random effects (23)
Press: ? - help, Shift-Dir - straight line, f - orc wizard
Aim: an orc wizard, wielding a dagger and wearing a robe The rock shatters into small pieces.
This wand has 22 charges left.
Something hits you!!
* * * LOW HITPOINT WARNING * * *
You hear a shout!
The orc shouts!
Unknown command.
The orc priest shouts!
Something hits you!
You die...

#a.# #..# #..#
####.[# ### #.....#
##.###.###.#
#...oo.....#
##.#.o....##
#@.[##### #.. #..##
#..# ###.###..## ...
..........# ##.##
##.###.#.# #...#
#.....#...
###...######.#####.#
#.......####...# ...
#..)...........# ###


You could see an orc priest and an orc wizard.

Vanquished Creatures
  Pikel (D:6)
  Sigmund (D:4)
  A slave (D:6)
  An ice beast (D:5)
  A centaur (D:6)
  A sky beast (D:7)
  A giant frog (D:6)
  A scorpion (D:6)
  3 wights (D:6)
  A giant frog zombie (D:7)
  2 crimson imps
  An orc priest (D:4)
  4 orc wizards
  A giant frog skeleton (D:6)
  2 jellies
  2 worker ants
  Terence (D:2)
  A hound zombie (D:7)
  A hound skeleton (D:5)
  5 adders
  2 shadow imps
  An adder skeleton (D:6)
  2 worms (D:2)
  3 giant geckos
  20 orcs
  2 ball pythons
  6 bats
  A giant cockroach (D:2)
  6 goblins
  3 hobgoblins
  3 kobolds
  A quokka (D:4)
  A giant gecko skeleton (D:6)
  4 giant newts
  2 jackals (D:3)
  7 rats
96 creatures vanquished.

Vanquished Creatures (collateral kills)
  A wight (D:6)
  2 giant cockroaches
  2 giant geckos
  A goblin (D:2)
6 creatures vanquished.

Vanquished Creatures (others)
  A slave (D:6)
  A big kobold (D:6)
  A giant frog (D:6)
  An adder (D:3)
  A shadow imp (D:6)
5 creatures vanquished.

Grand Total: 107 creatures vanquished

Notes
Turn   | Place    | Note
--------------------------------------------------------------
     0 | D:1      | vatarom the Octopode Artificer began the quest for the Orb.
     0 | D:1      | Reached XP level 1. HP: 13/13 MP: 3/3
   301 | D:1      | Reached XP level 2. HP: 18/18 MP: 4/4
   390 | D:2      | Noticed Terence
   405 | D:2      | Your ally died
   405 | D:2      | Reached skill level 4 in Evocations
   405 | D:2      | Reached XP level 3. HP: 23/23 MP: 4/6
   508 | D:2      | Reached skill level 5 in Evocations
   580 | D:2      | Found an oddly glowing altar of Pakellas.
   607 | D:2      | Became a worshipper of Pakellas the Inventive
   792 | D:2      | Reached XP level 4. HP: 28/28 MP: 7/7
  1629 | D:3      | Found a shattered altar of Ashenzari.
  1885 | D:3      | Found an iron altar of Okawaru.
  1960 | D:3      | Reached * piety under Pakellas
  2038 | D:3      | Found a shimmering altar of Xom.
  2039 | D:3      | Found a burning altar of Makhleb.
  2041 | D:3      | Reached XP level 5. HP: 26/34 MP: 4/9
  2286 | D:3      | Found a basalt altar of Yredelemnul.
  2289 | D:3      | Found a sacrificial altar of Ru.
  2292 | D:3      | Found a snail-covered altar of Cheibriados.
  2811 | D:4      | Reached skill level 6 in Evocations
  2812 | D:4      | Noticed Sigmund
  3050 | D:4      | Killed Sigmund
  3050 | D:4      | Reached XP level 6. HP: 31/44 MP: 10/10
  3168 | D:4      | Got a wavering platinum ring
  3250 | D:4      | Identified the ring "Qinness" {Str+6 Int+3} (You found it on level 4 of the Dungeon)
  3433 | D:5      | Entered Level 5 of the Dungeon
  3573 | D:5      | Found Aniyzxeh's Magic Scroll Boutique.
  3589 | D:5      | Reached skill level 5 in Fighting
  3589 | D:5      | Reached XP level 7. HP: 48/50 MP: 10/12
  3657 | D:5      | Reached ** piety under Pakellas
  3657 | D:5      | Received a gift from Pakellas
  3874 | D:5      | Reached skill level 1 in Maces & Flails
  4156 | D:5      | Found a stormy altar of Qazlal.
  4262 | D:6      | Noticed Pikel
  4286 | D:6      | Killed Pikel
  4286 | D:6      | Reached skill level 7 in Evocations
  4286 | D:6      | Reached XP level 8. HP: 55/55 MP: 13/13
  4318 | D:6      | Found a white marble altar of Elyvilon.
  4379 | D:6      | Noticed a white ugly thing
  4507 | D:6      | Found an ancient bone altar of Kikubaaqudgha.
  4509 | D:6      | Found a radiant altar of Vehumet.
  4509 | D:6      | Found a deep blue altar of Sif Muna.
  4514 | D:6      | Identified Kikubaaqudgha's Almanac of Evil
  4523 | D:6      | Identified Vehumet's Grimoire of Battle Magic
  4532 | D:6      | Identified Sif Muna's Papyrus of Beguiling
  4574 | D:6      | Reached skill level 5 in Maces & Flails
  4687 | D:6      | Found a staircase to the Ecumenical Temple.
  4706 | Temple   | Entered the Ecumenical Temple
  4807 | D:6      | Reached skill level 8 in Evocations
  5185 | D:7      | Reached XP level 9. HP: 51/61 MP: 15/15
  5190 | D:7      | Gained mutation: You are surrounded by a mild repulsion field (EV +2). [mutagenic meat]
  5191 | D:7      | Lost mutation: You are surrounded by a mild repulsion field (EV +2). [mutagenic meat]
  5192 | D:7      | Gained mutation: Your mind is acute. (Int +2) [mutagenic meat]
  5193 | D:7      | Gained mutation: You are clumsy. (Dex -2) [mutagenic meat]
  5271 | D:7      | Mangled by an orc warrior

Vault maps used:
D:1:      saegor_arrival_simple_a, serial_forest, infiniplex_forest_lined_2,
          infiniplex_forest_lined_room_, infiniplex_forest_corner_1,
          infiniplex_forest_clump_small, infiniplex_forest_straight_5,
          infiniplex_forest_straight_3, infiniplex_forest_end_2
D:2:      first_bread, kennysheep_big_empty_room, grunt_pakellas_basics,
          uniq_terence
D:3:      grunt_temple_overflow_champion_of_chaos,
          nicolae_overflow_crystal_walls, kennysheep_okawaru_gauntlet,
          grunt_temple_overflow_diamond, serial_bayou_ford_a,
          minmay_statues_item
D:4:      uniq_sigmund
D:5:      lemuel_round_altar, serial_shops, kennysheep_mini
D:6:      hangedman_cross_stitches, grunt_temple_overflow_magic_moments,
          elyvilon_altar_5, minmay_temple_entry_enclosed_plants, uniq_pikel
D:7:      nemelex_deck, serial_shops, nicolae_shop_trees
Temple:   circular_temple_6

Action                   |  1- 3 |  4- 6 |  7- 9 || total
-------------------------+-------+-------+-------++-------
Melee: Short sword       |     8 |       |       ||     8
       Flail             |    10 |    55 |    53 ||   118
Evoke: Wand              |    10 |    28 |    35 ||    73
  Use: Potion            |     3 |     6 |     3 ||    12
       Scroll            |     3 |     8 |     3 ||    14
 Stab: Sleeping          |     5 |       |     2 ||     7
  Eat: Bread ration      |       |     2 |     1 ||     3
       Chunk             |       |       |     4 ||     4
